 Seeded DCSS version 0.28-a0-1567-g1695149f81 (webtiles) character file.

Game seed: 115 (custom seed)

85 knot the Chopper (level 4, 21/35 HPs)
             Began as a Demonspawn Berserker on Jan 19, 2022.
             Was a Believer of Trog.
             Quit the game on level 4 of the Dungeon.
             The game lasted 00:01:45 (2695 turns).

knot the Chopper (Demonspawn Berserker)             Turns: 2695, Time: 00:01:46

Health: 21/35      AC:  1    Str: 18    XL:     4   Next: 25%
Magic:  4/4        EV: 11    Int: 10    God:    Trog [**....]
Gold:   75         SH:  0    Dex: 12    Spells: 3/3 levels left

rFire   . . .      SeeInvis .   a - +0 hand axe
rCold   . . .      Faith    +   (no shield)
rNeg    . . .      Spirit   .   n - +0 ring mail
rPois   .          Reflect  .   (no helmet)
rElec   .          Harm     .   m - scarf {shadows}
rCorr   .          Rampage  .   (no gloves)
Will    .....                   (no boots)
Stlth   +.........              l - amulet of faith
HPRegen 0.11/turn               (no ring)
MPRegen 0.09/turn               (no ring)

@: corroded
A: demonic guardian 1, sturdy frame 1, demonic touch 1
a: Renounce Religion, Berserk, Trog's Hand


You were on level 4 of the Dungeon.
You worshipped Trog.
Trog was pleased with you.
You visited 1 branch of the dungeon, and saw 4 of its levels.

You collected 75 gold pieces.

Inventory:

Hand Weapons
 a - a +0 hand axe (weapon)
Missiles
 g - 35 stones
 h - 14 poisoned darts (quivered)
 p - 9 sling bullets
Armour
 m - a scarf of shadows (worn)
 n - a +0 ring mail (worn)
Jewellery
 l - an amulet of faith (around neck)
Wands
 b - a wand of acid (14)
Scrolls
 c - a scroll of teleportation {unknown}
 e - a scroll of enchant weapon {unknown}
 i - a scroll of noise {unknown}
 j - 6 scrolls of identify {unknown}
 o - a scroll of blinking {unknown}
Potions
 d - 2 potions of lignification {unknown}
 f - 2 potions of heal wounds {unknown}
 k - a potion of haste {unknown}


   Skills:
 - Level 3.0 Fighting
 * Level 4.2 Axes
 * Level 1.6 Throwing
 - Level 1.7 Armour
 - Level 1.7 Dodging


You had 3 spell levels left.
You didn't know any spells.
Your spell library contained the following spells:

 Spells                   Type           Power      Damage    Failure   Level
 Freeze                   Ice            0%         1d3       45%         1
 Conjure Flame            Conj/Fire      0%         6-21      83%         3
 Frozen Ramparts          Ice            0%         1d2       83%         3
 Ignite Poison            Fire/Tmut/Pois 0%         N/A       83%         3
 Hailstorm                Conj/Ice       0%         3d3       99%         4
 Sticky Flame             Conj/Fire      0%         2d3       99%         4


Dungeon Overview and Level Annotations

Branches:
Dungeon (4/15)             Temple (0/1) D:4

Altars:
Fedhas
Zin

Shops:
D:4 *


Innate Abilities, Weirdness & Mutations

A weak demonic guardian rushes to your aid.
Your movements are slightly less encumbered by armour. (ER -2)
Your touch may inflict minor irresistible damage on your foes.


Message History

You recover from your berserk rage.
You start resting.
You start resting.
HP restored.
Found a whip.
An orc comes into view.
It is wielding a +0 short sword and wearing a +1 leather armour of fire resistance.
The orc shouts!
An orc is nearby!
The orc barely misses you.
An orc is nearby!
You slash the orc!
You kill the orc!
Trog accepts your kill.
You can now call upon Trog for regeneration and willpower.
No target in view!
No target in view!
Things that are here:
a +0 short sword; a +1 leather armour of fire resistance; an orc corpse You see here a +0 whip.
A jelly comes into view.
The jelly quivers.
A jelly is nearby!
A jelly is nearby!
You hit the jelly. The acid corrodes you!
Your hands burn!
You touch the jelly.
The jelly is severely wounded.
The jelly closely misses you.
You hit the jelly but do no damage.
Your hands burn!
You touch the jelly.
The jelly is almost dead.
The jelly barely misses you.
A jelly is nearby!
You hit the jelly but do no damage.
Your hands burn!
The jelly is almost dead.
The jelly barely misses you. The jelly hits you but does no damage.
You hit the jelly.
You kill the jelly!
Trog accepts your kill.
You have reached level 4!
You feel stronger.
Your demonic ancestry asserts itself...
You feel the presence of a demonic guardian.
Are you sure you want to abandon this character and quit the game? (Confirm with "yes".)

.........#. .#
.#########.# #.# ## #.#
#.# # #.# #.# #######
#.# #.#
.†....####.#####.######
#......................
#.###.####)#####.#####
#.# #.# #.....#@# #.#
#.# #)#####.# #.#
#.####.# #.#
#.###......# #.#
#.......#### #.#
#####.### #.# #.# #.#
#.# #.#


There were no monsters in sight!

Vanquished Creatures
  A jelly (D:4)
  An adder (D:4)
  A worm (D:2)
  A dart slug (D:2)
  3 orcs
  2 ball pythons
  2 endoplasms (D:2)
  A giant cockroach (D:2)
  3 goblins
  7 hobgoblins
  5 kobolds
  3 bats
  4 frilled lizards
  2 rats
36 creatures vanquished.

Notes
Turn   | Place    | Note
-------+----------+-------------------------------------------
     0 | D:1      | knot the Demonspawn Berserker began the quest for the Orb.
     0 | D:1      | Reached XP level 1. HP: 18/18 MP: 1/1
    79 | D:1      | Reached skill level 3 in Axes
   926 | D:1      | You fall into a shaft and drop 1 floor!
   937 | D:2      | Gained mutation: Your movements are slightly less
                  | encumbered by armour. (ER -2) [demonic ancestry]
   937 | D:2      | Reached XP level 2. HP: 23/24 MP: 2/2
  1346 | D:2      | Gained mutation: Your touch may inflict minor irresistible
                  | damage on your foes. [demonic ancestry]
  1346 | D:2      | Reached XP level 3. HP: 29/29 MP: 3/3
  1682 | D:3      | Reached ** piety under Trog
  2012 | D:3      | Found a faded altar of an unknown god.
  2266 | D:3      | Found a blossoming altar of Fedhas.
  2307 | D:4      | Found a staircase to the Ecumenical Temple.
  2430 | D:4      | Found Zin's Purification Station.
  2474 | D:4      | Reached skill level 4 in Axes
  2474 | D:4      | Reached skill level 1 in Throwing
  2695 | D:4      | Gained mutation: A weak demonic guardian rushes to your
                  | aid. [demonic ancestry]
  2695 | D:4      | Reached XP level 4. HP: 21/35 MP: 4/4
  2695 | D:4      | Quit the game

Illustrated notes

Levels and vault maps discovered:
D:1:      beargit_arrival_diablo_church, layout_basic, kennysheep_another_room
D:2:      layout_rooms, st_stairs_3, minmay_octomino_e4
D:3:      layout_loops_ring, fedhas_altar_fruit_tree,
          shapermc_ecumenical_altar_pompeii
D:4:      layout_basic, zin_purify, minmay_temple_entry_glass,
          kennysheep_potato, uniq_grinder, uniq_pikel

Skill      XL: |  1  2  3 |
---------------+----------+-----
Axes           | 3 4 |  4.2
Throwing       | 1 |  1.6
Fighting       | |  3.0
Armour         | |  1.7
Dodging        | |  1.7

Action                   |  1- 3 |  4- 6 || total
-------------------------+-------+-------++-------
Melee: Hand axe          |    90 |       ||    90
       Punch             |     2 |       ||     2
       Touch             |     5 |       ||     5
Throw: Dart              |     1 |       ||     1
Invok: Berserk           |     3 |       ||     3
Armor: Animal skin       |     9 |       ||     9
       Ring mail         |    12 |       ||    12
Dodge: Dodged            |    58 |       ||    58

Table legend: (Time is in decaauts)
 A = Elapsed time spent in this place.
 B = Non-inter-level travel time spent in this place.
 C = Inter-level travel time spent in this place.
 D = Time resting spent in this place.
 E = Time spent auto-exploring this place.
 F = Levels seen in this place.
 G = Mean time per level.
                   A        B        C        D        E       F      G
               +--------+--------+--------+--------+--------+-----+--------+
         Total |   2737 |   2682 |     55 |    912 |   1477 |   4 |  684.2 |
       Dungeon |   2737 |   2682 |     55 |    912 |   1477 |   4 |  684.2 |
               +--------+--------+--------+--------+--------+-----+--------+

Top non-repeatable levels by time:
     D:1: 928 daAuts
     D:2: 764 daAuts
     D:3: 642 daAuts
     D:4: 402 daAuts
